 Dungeon Crawl Stone Soup version 0.31-a0-1238-g0d9d05a (webtiles) character file.

Game seed: 5504961106767476085

1966755 Kearsarge the Shapeless Merfolk (level 25, 216/216 HPs)
             Began as a Merfolk Fighter on Dec 15, 2023.
             Was an Initiate of Gozag.
             Escaped with the Orb
             ... and 3 runes!
             The game lasted 01:31:13 (48219 turns).

Kearsarge the Shapeless Merfolk (Merfolk Fighter)  Turns: 48219, Time: 01:31:14

Health: 216/216    AC: 15    Str: 22    XL:     25   Next: 96%
Magic:  23/23      EV: 48    Int: 12    God:    Gozag
Gold:   3613       SH:  0    Dex: 10    Spells: 24/24 levels left

rFire   + . .        F - melded +3 trident (spect)
rCold   + + .        c - melded +4 kite shield {reflect}
rNeg    + + +        w - melded +8 chain mail of a Labyrinth {Fly Regen+}
rPois   ∞            l - melded +0 helmet
rElec   +            Y - melded +1 cloak {rCorr}
rCorr   .            C - melded +2 pair of gloves {infuse}
SInv    .            h - melded +0 pair of boots
Will    +++..        o - amulet "Pumuycic" {Faith rC+ rN+ Will++ Dex-3}
Stlth   +            Q - ring of Res Nullius {rC+ rN++ Dex-4}
HPRegen 1.36/turn    e - ring of Zoqo {Fly rF+}
MPRegen 0.18/turn

%: random rage (3%), faith
@: storm-form, flying, studying 3 skills
A: cleaving, insubstantial, flying, (nimble swimmer 2), (mertail), berserk 1,
clever 1, deterioration 1, (fire resistance 1), regeneration 1, (electricity
resistance), inability to drink after injury 1
0: Orb of Zot
}: 3/15 runes: serpentine, barnacled, silver
a: Blinkbolt, Begin Untransformation, Renounce Religion, Potion Petition, Call
Merchant, Bribe Branch


You escaped.
You worshipped Gozag.
Gozag was most pleased with you.
You were a lightning-filled tempest!
You visited 10 branches of the dungeon, and saw 48 of its levels.
You visited the Abyss 1 time.
You visited 1 bazaar.
You visited 1 ziggurat, and saw 8 of its levels.
You also visited: Bailey and Gauntlet.

You collected 30221 gold pieces.
You spent 6088 gold pieces at shops.
You paid 20520 gold pieces to Gozag.

Inventory:

Hand Weapons
 F - a +3 spectral trident (melded)
Missiles
 I - 10 throwing nets
Armour
 c - a +4 kite shield of reflection (melded)
 h - a +0 pair of boots (melded)
 l - a +0 helmet (melded)
 w - the +8 chain mail of a Labyrinth (melded) {Fly Regen+}
   (You bought it in a shop on level 11 of the Dungeon)

   Fly:       It grants you flight.
   Regen+:    It increases your rate of health regeneration.
 C - a +2 pair of gloves of infusion (melded)
 Y - a +1 cloak of preservation (melded)
Jewellery
 e - the ring of Zoqo (right fist) {Fly rF+}
   (You found it on level 4 of the Dungeon)

   [ring of flight]

   rF+:       It protects you from fire.
   Fly:       It grants you flight.
 i - the amulet of Vitality {RegenMP++ Regen++}
   (You bought it in a shop on level 1 of the Vaults)

   [amulet of magic regeneration]

   RegenMP:   It increases your rate of magic regeneration.
   Regen++:   It increases your rate of health regeneration.
 o - the amulet "Pumuycic" (around neck) {Faith rC+ rN+ Will++ Dex-3}
   (You found it on level 6 of a ziggurat)

   [amulet of faith]

   Faith:     It allows you to gain divine favour quickly.
   Dex-3:     It affects your dexterity (-3).
   rC+:       It protects you from cold.
   rN+:       It protects you from negative energy.
   Will++:    It greatly increases your willpower.
 p - a ring of see invisible
 Q - the ring of Res Nullius (left fist) {rC+ rN++ Dex-4}
   (You bought it in a shop on level 3 of the Snake Pit)

   [ring of protection from cold]

   Dex-4:     It affects your dexterity (-4).
   rC+:       It protects you from cold.
   rN++:      It greatly protects you from negative energy.
Talismans
 H - a granite talisman
 V - a storm talisman (active)
Wands
 q - a wand of digging (14)
 u - a wand of roots (29)
 y - a wand of quicksilver (7)
 A - a wand of polymorph (20)
 G - a wand of paralysis (14)
 K - a wand of mindburst (64)
Scrolls
 d - 8 scrolls of amnesia
 f - 9 scrolls of teleportation
 m - 2 scrolls of silence
 n - 9 scrolls of vulnerability
 E - 2 scrolls of torment
 S - 2 scrolls of fear
 U - 4 scrolls of immolation
 W - 2 scrolls of poison
 X - 3 scrolls of enchant armour
Potions
 a - 4 potions of brilliance
 b - 6 potions of lignification
 g - 6 potions of ambrosia
 j - 18 potions of curing
 k - 4 potions of mutation
 r - 4 potions of heal wounds
 t - 3 potions of attraction
 v - 7 potions of enlightenment
 x - 4 potions of invisibility
 B - a potion of magic
 J - 3 potions of resistance
 N - 6 potions of berserk rage
 O - 4 potions of cancellation
 P - 7 potions of might
 R - 2 potions of haste
Miscellaneous
 z - a phantom mirror
 M - a lightning rod (4/4)
 T - a phial of floods


   Skills:
 + Level 21.7 Fighting
 - Level 22.2 Polearms
 - Level 2.1 Armour
 - Level 25.9 Dodging
 - Level 12.0 Shields
 * Level 22.1 Unarmed Combat
 O Level 27 Shapeshifting


You had 24 spell levels left.
You didn't know any spells.
Your spell library contained the following spells:

 Spells                   Type           Power      Damage    Failure   Level
 Apportation              Tloc           0%         N/A       32%         1
 Freeze                   Ice            0%         1d3       32%         1
 Kiss of Death            Conj/Necr      0%         2d5       32%         1
 Necrotise                Necr           0%         1d4       32%         1
 Shock                    Conj/Air       0%         1d3       32%         1
 Slow                     Hex            0%         N/A       32%         1
 Sting                    Tmut/Pois      0%         1d3       32%         1
 Summon Small Mammal      Summ           0%         N/A       32%         1
 Blink                    Tloc           0%         N/A       45%         2
 Cigotuvi's Dreadful Rot  Necr/Pois/Air  0%         N/A       45%         2
 Lesser Beckoning         Tloc           0%         N/A       45%         2
 Momentum Strike          Conj/Tloc      0%         3d8       45%         2
 Poisonous Vapours        Pois/Air       0%         N/A       45%         2
 Scorch                   Fire           0%         2d5       45%         2
 Wereblood                Tmut           0%         N/A       45%         2
 Call Canine Familiar     Summ           0%         N/A       69%         3
 Confusing Touch          Hex            0%         N/A       69%         3
 Dazzling Flash           Conj/Hex       0%         N/A       69%         3
 Gell's Gravitas          Tloc           0%         N/A       69%         3
 Hailstorm                Conj/Ice       0%         3d5       69%         3
 Ignite Poison            Fire/Tmut/Pois 0%         N/A       69%         3
 Inner Flame              Hex/Fire       0%         N/A       69%         3
 Mephitic Cloud           Conj/Pois/Air  0%         N/A       69%         3
 Ozocubu's Armour         Ice            0%         N/A       69%         3
 Sigil of Binding         Hex            0%         N/A       69%         3
 Summon Guardian Golem    Hex/Summ       0%         N/A       69%         3
 Swiftness                Air            0%         N/A       69%         3
 Teleport Other           Tloc           0%         N/A       69%         3
 Tukima's Dance           Hex            0%         N/A       69%         3
 Vampiric Draining        Necr           0%         2d6       69%         3
 Volatile Blastmotes      Fire/Tloc      0%         2d10      69%         3
 Airstrike                Air            0%         2d(0-16)  97%         4
 Anguish                  Hex/Necr       0%         N/A       97%         4
 Cause Fear               Hex            0%         N/A       97%         4
 Dimensional Bullseye     Hex/Tloc       0%         N/A       97%         4
 Dispel Undead            Necr           0%         3d6       97%         4
 Flame Wave               Conj/Fire      0%         2d4       97%         4
 Leda's Liquefaction      Hex/Erth       0%         N/A       97%         4
 Passage of Golubria      Tloc           0%         N/A       97%         4
 Sticky Flame             Conj/Fire      0%         2d3       97%         4
 Summon Ice Beast         Ice/Summ       0%         N/A       97%         4
 Agony                    Necr           0%         N/A       100%        5
 Freezing Cloud           Conj/Ice/Air   0%         6-21      100%        5
 Irradiate                Conj/Tmut      0%         3d11      100%        5
 Lee's Rapid Deconstruct  Erth           0%         3d4*      100%        5
 Silence                  Hex/Air        0%         N/A       100%        5
 Summon Mana Viper        Hex/Summ       0%         N/A       100%        5
 Yara's Violent Unravell  Hex/Tmut       0%         3d3       100%        5
 Bombard                  Conj/Erth      0%         9d1       100%        6
 Conjure Ball Lightning   Conj/Air       0%         3x3d6     100%        6
 Starburst                Conj/Fire      0%         6d3       100%        6
 Summon Cactus Giant      Summ           0%         N/A       100%        6
 Enfeeble                 Hex            0%         N/A       100%        7
 Malign Gateway           Summ/Tloc      0%         N/A       100%        7
 Monstrous Menagerie      Summ           0%         N/A       100%        7
 Orb of Destruction       Conj           0%         9d5       100%        7
 Ozocubu's Refrigeration  Ice            0%         4d7       100%        7
 Spellforged Servitor     Conj/Summ      0%         N/A       100%        7
 Discord                  Hex            0%         N/A       100%        8
 Disjunction              Tloc           0%         N/A       100%        8
 Lehudib's Crystal Spear  Conj/Erth      0%         10d2      100%        8
 Maxwell's Capacitive Co  Air            0%         ∞         100%        8
 Summon Horrible Things   Summ           0%         N/A       100%        8
 Polar Vortex             Ice            0%         N/A       100%        9
 Simulacrum               Ice/Necr       Unusable   N/A       N/A         6

Dungeon Overview and Level Annotations

Branches:
Dungeon (15/15)            Temple (1/1) D:5            Lair (5/5) D:8
 Shoals (4/4) Lair:2        Snake (4/4) Lair:2        Slime (0/5) Lair:5
    Orc (2/2) D:12            Elf (3/3) Orc:2        Vaults (5/5) D:14
  Crypt (0/3) Vaults:2     Depths (4/4) D:15            Zot (5/5) Depths:4
 Bailey (visited)         Gauntlet (visited)

Altars:
Ashenzari
Cheibriados
Dithmenos
Elyvilon
Fedhas
Gozag
Hepliaklqana
Kikubaaqudgha
Makhleb
Nemelex Xobeh
Okawaru
Qazlal
Ru
Sif Muna
Trog
Uskayaw
Vehumet
Wu Jian
Xom
Yredelemnul
Zin
The Shining One

Shops:
D:9 (   D:11 [   D:13 [   Orc:1 =   Orc:2 [=((   Elf:1 ?:   Lair:3 (
Snake:3 (:==:   Snake:4 *   Vaults:1 ==   Vaults:3 :

Portals:
Hell: Depths:1 Depths:3

Annotations:
D:11 1 runed translucent door
Elf:1 2 runed translucent doors, magiryoung's ghost, journeyman DsHu
Elf:2 3 runed translucent doors
Zot:5 Tiamat


Innate Abilities, Weirdness & Mutations

You are a lightning-filled tempest!
Your electrical attacks strike out in all directions at once.
You are incredibly evasive.
Your insubstantial body is immune to petrification, constriction, and being set on fire You are flying.
Your armour is entirely melded.
You are incapable of wielding weapons or throwing items.
You are immune to poison.
((You are very nimble when in or above water. (Stealth+, EV+, Speed+++)))
((Your lower body shifts to a powerful aquatic tail in water.))
You sometimes lose your temper in combat.
Your mind is acute. (Int +4, Str/Dex -1)
Your body sometimes deteriorates upon taking damage.
((Your flesh is heat resistant. (rF+)))
Your natural rate of healing is unusually fast.
((You are resistant to electric shocks. (rElec)))
You occasionally lose the ability to drink potions when taking damage.


Message History

You see here a +0 giant club.
There is a stone staircase leading up here.
You fly upwards.
There is a stone staircase leading down here.
There is a stone staircase leading up here.
You fly upwards.
There is a stone staircase leading down here.
Things that are here:
a +0 leather armour; a +0 club
There is a stone staircase leading up here.
You fly upwards.
There is a stone staircase leading down here.
There is a stone staircase leading up here.
You fly upwards.
There is a stone staircase leading down here.
There is an escape hatch in the floor here.
There is a stone staircase leading up here.
You fly upwards.
There is a stone staircase leading down here.
There is a stone staircase leading up here.
You fly upwards.
There is a stone staircase leading down here.
A hellion comes into view.
Blink to where?
Press: ? - help, Q - select action, (/) - cycle Dir - move target
As you read the scroll of blinking, it crumbles to dust.
The hellion moves out of view.
Blink to where?
Press: ? - help, Q - select action, (/) - cycle Dir - move target
As you read the scroll of blinking, it crumbles to dust.
Aiming: Dig
Press: ? - help, Q - select action, (/) - cycle Shift-Dir - straight line A rock wall.
This square is covered in magical glow.
The rock shatters into small pieces.
Blink to where?
Press: ? - help, Q - select action, (/) - cycle Dir - move target
As you read the scroll of blinking, it crumbles to dust.
There is a staircase leading out of the dungeon here.
You have escaped!

###########.###..# #.# #..
#.###.## #.# ##. #.#.).## #.# #.
###### ##.....## #.# ###. #....#
##^......## #.# ##... #....#
##.........###.# #....
#....###....~~~....##.####.#..
#....##....~...~....#...##.#..
#....##)...~.v.~....#....>.#..
####....##....~...~....#.######..
........###....≈~~....##.# #..
........# ##.........###.# #..
........# ##.......## #.# ####
....##'## ##.....## #.# #...
.†..##.# ##...## #.# #...
....##.# ##.#######.# #...
....##.# #.........# #(..


There were no monsters in sight!

Vanquished Creatures
  2 orbs of fire
  An ancient lich (Vaults:5)
  Mara (Depths:3)
  Bai Suzhen (Elf:3)
  A shard shrike (Zig:6)
  2 Killer Klowns (Zot:3)
  Vashnia (Snake:4)
  Saint Roka (Orc:2)
  4 curse toes
  8 golden dragons
  Jorgrun (D:14)
  2 electric golems (Zot:1)
  Zenata (Elf:3)
  11 tentacled monstrosities
  A pandemonium lord (Zot:3)
  13 Orb Guardians
  6 titans
  6 quicksilver dragons
  2 deep elf blademasters (Elf:3)
  A deep elf master archer (Elf:3)
  6 sphinxes
  2 liches
  11 death cobs
  2 krakens (Shoals:3)
  Frances (D:14)
  Polyphemus (Shoals:2)
  Agnes (Snake:4)
  4 tengu reavers (Vaults:5)
  7 storm dragons
  A thorn hunter (Zig:7)
  8 shadow dragons
  Aizul (Snake:1)
  3 fenstrider witches (Zig:7)
  The ghost of gwaga3 the Skirmisher, an adept GnHu of Jiyva (Shoals:3)
  A nargun (Zig:3)
  An azure jelly (Shoals:3)
  4 deep elf sorcerers (Elf:3)
  A fire giant (Depths:1)
  A daeva (Depths:1)
  A draconian knight (Zot:2)
  3 frost giants
  4 nagarajas (Snake:4)
  3 draconian shifters
  9 vault wardens
  2 protean progenitors (Zot:3)
  7 deep elf elementalists
  A draconian scorcher (Depths:4)
  22 ironbound preservers
  4 iron dragons
  2 ghost moths
  A draconian annihilator (Zot:3)
  2 formless jellyfish
  A reaper (Depths:1)
  7 orc warlords
  3 very ugly things
  15 stone giants
  2 draconian stormcallers
  A war gargoyle (Vaults:5)
  Nessos (Lair:3)
  3 green draconians
  6 ironbound thunderhulks
  Azrael (D:14)
  4 red draconians
  9 deep elf annihilators
  7 deep elf demonologists
  5 black draconians
  5 purple draconians
  4 dire elephants (Vaults:1)
  4 yellow draconians
  5 minotaurs
  A wendigo (Zig:3)
  2 white draconians
  8 deep elf death magi
  10 ettins
  3 merfolk javelineers
  21 slime creatures
  2 crystal guardians
  Josephine (D:10)
  A blizzard demon (Zig:6)
  11 fire dragons
  4 merfolk impalers
  An entropy weaver (Vaults:3)
  3 deep elf high priests (Elf:3)
  14 yaktaur captains
  7 ice dragons
  9 great orbs of eyes
  A rakshasa (Zot:2)
  2 salamander tyrants (Snake:4)
  14 hydras
  5 catoblepae
  A ghost crab (Zig:7)
  An ogre mage (Vaults:5)
  4 spriggan air magi
  2 hell beasts
  26 vault guards
  10 ironbound frosthearts
  2 merfolk avatars
  5 centaur warriors
  4 peacekeepers
  Erica (D:8)
  2 merfolk aquamancers
  A death knight (D:15)
  21 anacondas
  3 two-headed ogres
  9 tengu warriors
  4 alligator snapping turtles
  16 dancing weapons
  13 satyrs
  6 boulder beetles
  15 death yaks
  15 naga sharpshooters
  22 naga warriors
  A vampire mage (Depths:3)
  3 deep troll earth magi
  4 deep troll shamans
  5 orc high priests
  6 thrashing horrors (Abyss:3)
  A spriggan berserker (Depths:1)
  Urug (Orc:2)
  2 shock serpents
  A soul eater (Depths:3)
  13 deep elf knights
  A spriggan (Depths:1)
  A sixfirhy (Abyss:3)
  A wretched star (Abyss:3)
  A fire crab (Gauntlet)
  7 salamander mystics
  A skyshark (shapeshifter) (Elf:3)
  A flayed ghost (Vaults:5)
  5 skysharks
  11 sea snakes
  2 swamp dragons
  4 skeletal warriors (D:15)
  53 deep trolls
  2 death drakes (Zig:8)
  A glowing orange brain (Abyss:3)
  12 arcanists
  11 deep elf archers
  10 naga ritualists
  18 ironbound convokers
  8 lindwurms
  A bog body (Zig:7)
  13 deep elf zephyrmancers
  2 necromancers (D:14)
  23 deep elf pyromancers
  5 phantasmal warriors
  8 orc knights
  5 orc sorcerers
  24 harpies
  12 mana vipers
  16 salamanders
  16 manticores
  45 ugly things
  3 wolf spiders
  19 fauns
  5 cyclopes
  A worldbinder (Abyss:3)
  A shining eye (Abyss:3)
  2 salamanders (shapeshifter)
  A shining eye (shapeshifter) (Elf:3)
  3 kobold blastminers
  15 moths of wrath
  Maurice (Orc:2)
  40 black mambas
  5 merfolk sirens
  11 guardian serpents
  4 water nymphs
  13 elephants
  19 naga magi
  A torpor snail (shapeshifter) (Vaults:5)
  A smoke demon (Abyss:3)
  21 vault sentinels
  2 gargoyles
  11 rime drakes
  10 cane toads
  2 hellions
  6 kobold demonologists
  3 large abominations
  An efreet (D:14)
  12 komodo dragons
  21 yaktaurs
  4 tengu conjurers
  An ice devil (Zig:6)
  A golden dragon simulacrum (Zig:6)
  4 ancient zymes (Abyss:3)
  5 freezing wraiths
  A queen bee (D:13)
  7 meliai
  8 trolls
  26 merfolk
  A hornet (Depths:1)
  A wolf spider simulacrum (D:15)
  4 wind drakes
  3 polar bears
  12 dream sheep
  5 snapping turtles
  3 raiju (Abyss:3)
  8 blink frogs
  2 air elementals (Elf:2)
  5 wyverns
  7 water elementals
  7 small abominations (Abyss:3)
  A ynoxinul (Elf:3)
  10 wraiths
  A vampire (D:8)
  18 humans (D:14)
  51 yaks
  3 yaks (shapeshifter)
  3 fire bats (Gauntlet)
  Grum (D:10)
  7 fire elementals
  3 redbacks (Vaults:3)
  2 neqoxecs (Abyss:3)
  8 basilisks
  A human simulacrum (Vaults:1)
  6 steam dragons
  3 vampire mosquitoes
  A chaos spawn (Zot:3)
  A swamp worm (shapeshifter) (Elf:3)
  A hell hound (D:14)
  4 acid dragons (Lair:5)
  59 nagas
  14 wargs
  23 water moccasins
  A hydra simulacrum (Abyss:3)
  2 swamp drakes
  A sky beast (D:7)
  46 orc warriors
  7 black bears
  2 ice beasts
  10 ogres
  A wolf (shapeshifter) (Vaults:5)
  9 centaurs
  5 wolves
  6 kobold brigands
  Blork the orc (D:4)
  A brain worm (Abyss:3)
  4 earth elementals
  4 gnoll sergeants
  15 bullfrogs
  3 scorpions
  7 wights
  33 killer bees
  3 electric eels
  7 howler monkeys
  2 lava snakes (Lair:2)
  A crimson imp (D:5)
  A quasit (Abyss:3)
  4 jellies
  2 hounds
  21 orc priests
  A gnoll bouda (D:4)
  An iron imp (Abyss:3)
  2 sleepcaps
  9 iguanas
  Natasha (D:1)
  25 orc wizards
  8 hell rats (Lair:5)
  16 gnolls
  8 adders
  4 river rats (Lair:5)
  2 white imps
  2 ufetubi (Abyss:3)
  3 worms
  2 dart slugs
  116 orcs
  10 endoplasms
  A giant cockroach (D:1)
  14 goblins
  8 hobgoblins
  6 jackals
  2 quokkas
  7 ball pythons
  5 bats
  4 frilled lizards
  36 kobolds
  7 rats
  An aspiring flesh (Zot:3)
  8 tentacles (Shoals:3)
2005 creatures vanquished.

Vanquished Creatures (collateral kills)
  2 dread liches (Zot:5)
  An ancient lich (Zot:3)
  A Killer Klown (Zot:3)
  A golden dragon (Zot:5)
  An electric golem (Zot:5)
  4 Orb Guardians (Zot:5)
  The ghost of Innyits the Eclecticist, an adept DjAE of Makhleb (Vaults:4)
  Mlioglotl (Snake:1)
  A quicksilver dragon (Zot:5)
  A draconian knight (Zot:3)
  A draconian shifter (Zot:5)
  A draconian scorcher (Zot:5)
  A ghost moth (Zot:5)
  A draconian annihilator (Zot:5)
  A black draconian (Zot:5)
  A white draconian (Zot:5)
  Snorg (Orc:1)
  4 orc knights (Vaults:4)
  A moth of wrath (Zot:3)
  Menkaure (D:4)
  An orc priest (D:5)
  4 orcs (D:5)
32 creatures vanquished.

Vanquished Creatures (others)
  An ancient lich (Zot:5)
  An orb of fire (Zot:5)
  A Killer Klown (Zot:5)
  A curse toe (Zot:5)
  5 Orb Guardians (Zot:5)
  A deep elf master archer (Elf:3)
  A nagaraja (Snake:3)
  A draconian monk (Zot:5)
  A stone giant (Vaults:5)
  A black draconian (Zot:5)
  A red draconian (Zot:5)
  2 purple draconians (Zot:5)
  3 white draconians (Zot:5)
  A deep elf death mage (Elf:3)
  A naga warrior (Snake:4)
  A large abomination (Abyss:3)
  A deep elf pyromancer (Elf:3)
  2 naga magi (Snake:3)
  A water nymph (Shoals:3)
  A naga (Snake:3)
  An orc wizard (Elf:2)
  An orc (Vaults:5)
  A ball python (D:2)
  92 spectral weapons
  11 tentacles (Shoals:3)
134 creatures vanquished.

Grand Total: 2171 creatures vanquished

Notes
Turn   | Place    | Note
-------+----------+-------------------------------------------
     0 | D:1      | Kearsarge the Merfolk Fighter began the quest for the Orb.
     0 | D:1      | Reached XP level 1. HP: 18/18 MP: 1/1
   240 | D:1      | Reached XP level 2. HP: 24/24 MP: 2/2
   826 | D:2      | Noticed Natasha
   841 | D:1      | Killed Natasha
   842 | D:1      | Reached XP level 3. HP: 8/30 MP: 3/3
  1068 | D:2      | Reached XP level 4. HP: 34/37 MP: 4/4
  1123 | D:2      | Reached skill level 5 in Polearms
  1346 | D:2      | Reached XP level 5. HP: 43/43 MP: 5/5
  1351 | D:2      | Found a faded altar of an unknown god.
  1553 | D:3      | Found a white marble altar of Elyvilon.
  1553 | D:3      | Found a glowing golden altar of the Shining One.
  1644 | D:3      | Identified the +7 dagger "Kunon" {freeze, Str+2}
  1688 | D:3      | Found a stormy altar of Qazlal.
  1850 | D:3      | Noticed an ogre
  2081 | D:3      | Killed an ogre
  2082 | D:3      | Reached XP level 6. HP: 22/50 MP: 6/6
  2369 | D:4      | Reached skill level 5 in Fighting
  2560 | D:5      | Entered Level 5 of the Dungeon
  2590 | D:4      | Noticed Blork the orc
  2590 | D:4      | Noticed Menkaure
  2739 | D:5      | Reached XP level 7. HP: 29/56 MP: 7/7
  3020 | D:5      | Found a staircase to the Ecumenical Temple.
  3028 | Temple   | Entered the Ecumenical Temple
  3034 | Temple   | Became a worshipper of Gozag Ym Sagoz the Greedy
  3083 | D:4      | Identified the ring of Zoqo {Fly rF+}
  3363 | D:4      | Killed Menkaure
  3364 | D:4      | Reached XP level 8. HP: 65/65 MP: 8/8
  3367 | D:4      | Killed Blork the orc
  3466 | D:4      | Reached skill level 10 in Polearms
  3658 | D:4      | Found an ornate altar of the Wu Jian Council.
  3762 | D:5      | Found a radiant altar of Vehumet.
  3850 | D:5      | Found a burning altar of Makhleb.
  4985 | D:6      | Reached XP level 9. HP: 57/74 MP: 9/9
  6641 | D:8      | Noticed Erica
  7044 | D:8      | Killed Erica
  7045 | D:8      | Reached XP level 10. HP: 83/83 MP: 10/10
  7156 | D:8      | Reached skill level 15 in Polearms
  7331 | D:8      | Found a staircase to the Lair.
  7560 | D:8      | Noticed a manticore
  7576 | D:8      | Reached skill level 10 in Fighting
  8105 | D:8      | Identified the +1 robe "Cism" {Fly}
  8258 | D:8      | Killed a manticore
  8698 | D:9      | Found a hazy altar of Hepliaklqana.
  8945 | D:9      | Reached XP level 11. HP: 81/92 MP: 11/11
  8983 | D:9      | Noticed a two-headed ogre
  9004 | D:9      | Killed a two-headed ogre
  9249 | D:9      | Bought a transparent glaive for 345 gold pieces
  9249 | D:9      | Identified the +6 glaive of Trauma {drain, rC++ Dex+2} (You
                  | bought it in a shop on level 9 of the Dungeon)
  9813 | D:9      | Found an ancient bone altar of Kikubaaqudgha.
 10104 | D:10     | Entered Level 10 of the Dungeon
 10149 | D:10     | Noticed Josephine
 10166 | D:10     | Killed Josephine
 10301 | D:10     | Found a flagged portal.
 10324 | Bailey   | Entered a bailey
 10375 | Bailey   | Noticed an orc warlord
 10490 | Bailey   | Found a runed translucent gate.
 10493 | Bailey   | Found a runed translucent gate.
 10495 | Bailey   | Found a runed translucent gate.
 10656 | Bailey   | Killed an orc warlord
 10701 | Bailey   | Got the Omnibus of Twinkling Nephomancy
 10714 | Bailey   | Reached skill level 10 in Dodging
 10714 | Bailey   | Reached XP level 12. HP: 103/103 MP: 12/12
 10756 | D:10     | Noticed Grum
 10774 | D:10     | Killed Grum
 10845 | D:10     | Found an iron altar of Okawaru.
 10920 | D:10     | Reached XP level 13. HP: 104/109 MP: 13/13
 11441 | D:10     | Found a shimmering altar of Xom.
 11840 | D:11     | Found a runed translucent door.
 11913 | D:11     | Found the +2 pair of slick slippers {slick, slippery, EV+4}
 12553 | D:11     | Bought the +8 chain mail of a Labyrinth {Fly Regen+} for
                  | 589 gold pieces
 12553 | D:11     | Bought a +0 pair of gloves of infusion for 126 gold pieces
 12601 | D:12     | Found a staircase to the Orcish Mines.
 13381 | Orc:1    | Entered Level 1 of the Orcish Mines
 13581 | Orc:1    | Noticed Snorg
 13599 | Orc:1    | Killed Snorg
 14051 | Orc:2    | Entered Level 2 of the Orcish Mines
 14086 | Orc:2    | Noticed Urug
 14087 | Orc:2    | Noticed Maurice
 14113 | Orc:2    | Killed Urug
 14133 | Orc:2    | Something stole a ring of positive energy
 14136 | Orc:2    | Killed Maurice
 14381 | Orc:2    | Found Naggyecw's Jewellery Emporium.
 14386 | Orc:2    | Bought the amulet "Orphuk" {rN+ Regen+ Int+6} for 807 gold
                  | pieces
 14653 | Orc:1    | Found Houcrush's Jewellery Emporium.
 14777 | Orc:2    | Noticed Saint Roka
 15108 | Orc:2    | Killed Saint Roka
 15357 | Orc:2    | Found a staircase to the Elven Halls.
 15376 | Orc:2    | Reached XP level 14. HP: 120/120 MP: 9/14
 15690 | Orc:2    | Found Hudeabb's Antique Weapon Shoppe.
 15902 | Orc:2    | Noticed an orc warlord
 15946 | Orc:2    | Killed an orc warlord
 16136 | Orc:2    | Found Gidiss's Antique Armour Emporium.
 16147 | Orc:2    | Found Liull's Antique Weapon Shoppe.
 16332 | Orc:2    | Reached skill level 5 in Shields
 16473 | Lair:1   | Entered Level 1 of the Lair of Beasts
 17626 | Lair:2   | Reached skill level 1 in Shapeshifting
 17805 | Lair:2   | Found a staircase to the Shoals.
 17819 | Lair:2   | Reached skill level 2 in Shapeshifting
 17914 | Lair:2   | Reached skill level 3 in Shapeshifting
 18043 | Lair:2   | Reached skill level 4 in Shapeshifting
 18419 | Lair:2   | Reached skill level 5 in Shapeshifting
 18611 | Lair:2   | Found a staircase to the Snake Pit.
 18729 | Lair:3   | Found a gate leading to a gauntlet.
 18737 | Lair:3   | Reached skill level 6 in Shapeshifting
 18887 | Gauntlet | Entered a Gauntlet
 18887 | Gauntlet | Found a transporter.
 18887 | Gauntlet | Found a transporter.
 18903 | Gauntlet | Found a transporter.
 18908 | Gauntlet | Found a transporter.
 18916 | Gauntlet | Found a transporter.
 18920 | Gauntlet | Found a transporter.
 18930 | Gauntlet | Found a transporter.
 18952 | Gauntlet | Found a transporter.
 18974 | Gauntlet | Found a transporter.
 18975 | Gauntlet | Found a transporter.
 18985 | Gauntlet | Found a transporter.
 18989 | Gauntlet | Found a transporter.
 18990 | Gauntlet | Found a runed translucent door.
 19043 | Gauntlet | Reached skill level 7 in Shapeshifting
 19052 | Gauntlet | Identified the ring of Summer {*Slow rPois rF+ Will+ rCorr}
 19210 | Gauntlet | Identified the ring "Ivadosoj" {+Blink rC- rN+ Str+3}
 19308 | Gauntlet | Reached skill level 8 in Shapeshifting
 19734 | Lair:3   | Identified a scroll of acquirement
 19740 | Lair:3   | Acquired a manual of Shields
 19827 | Lair:3   | Noticed Nessos
 19836 | Lair:3   | Killed Nessos
 19837 | Lair:3   | Reached skill level 9 in Shapeshifting
 20179 | Lair:4   | Reached XP level 15. HP: 126/126 MP: 12/15
 20249 | Lair:4   | Reached skill level 10 in Shapeshifting
 21154 | Lair:4   | Reached skill level 11 in Shapeshifting
 21192 | Lair:5   | Entered Level 5 of the Lair of Beasts
 21379 | Lair:5   | Reached skill level 12 in Shapeshifting
 21683 | Lair:5   | Found a staircase to the Slime Pits.
 21694 | Lair:5   | Reached skill level 13 in Shapeshifting
 22156 | Lair:5   | Reached skill level 14 in Shapeshifting
 22588 | Lair:5   | Reached skill level 15 in Shapeshifting
 23058 | Lair:5   | Reached skill level 16 in Shapeshifting
 23229 | Lair:5   | Reached XP level 16. HP: 133/133 MP: 16/16
 23711 | D:13     | Bought a glowing tower shield for 165 gold pieces
 24621 | D:14     | Reached skill level 10 in Shields
 24637 | D:14     | Noticed Frances
 24638 | D:14     | Found a hide-covered altar of Uskayaw.
 24642 | D:14     | Noticed Jorgrun
 24650 | D:14     | Killed Frances
 24664 | D:14     | Killed Jorgrun
 25077 | D:14     | Identified the +3 quarterstaff "Ethrumpoheo" {flame, rElec
                  | rN+ Int+3 SInv}
 25223 | D:14     | Noticed Azrael
 25234 | D:14     | Reached skill level 15 in Dodging
 25241 | D:14     | Killed Azrael
 25683 | D:14     | Found a gate to the Vaults.
 26033 | Snake:1  | Entered Level 1 of the Snake Pit
 26209 | Snake:1  | Reached XP level 17. HP: 139/139 MP: 17/17
 26619 | Snake:1  | Identified the serpent talisman "Vuhuriob" {Fly rN+ Dex+4
                  | Stlth+}
 26619 | Snake:1  | Noticed Aizul
 26639 | Snake:1  | Killed Aizul
 26679 | Snake:1  | Noticed Mlioglotl
 26689 | Snake:1  | Killed Mlioglotl
 28454 | Snake:3  | Reached XP level 18. HP: 146/146 MP: 18/18
 28617 | Snake:3  | Found Pucan's Jewellery Boutique.
 28618 | Snake:3  | Found Eskodeo's Book Shoppe.
 28618 | Snake:3  | Found Myhayll's Book Shoppe.
 28946 | Snake:4  | Entered Level 4 of the Snake Pit
 28946 | Snake:4  | Found Zaypeirph's Mass Market.
 29062 | Snake:4  | Noticed Agnes
 29137 | Snake:4  | Killed Agnes
 30278 | Snake:4  | Noticed Vashnia
 30308 | Snake:4  | Killed Vashnia
 30387 | Snake:4  | Got a serpentine rune of Zot
 30566 | Shoals:1 | Entered Level 1 of the Shoals
 30863 | Shoals:1 | Reached XP level 19. HP: 152/152 MP: 19/19
 31174 | Shoals:1 | Found a hide-covered altar of Uskayaw.
 31667 | Shoals:2 | Reached skill level 15 in Fighting
 31781 | Shoals:2 | Reached skill level 17 in Shapeshifting
 31922 | Shoals:2 | Noticed Polyphemus
 31935 | Shoals:2 | Killed Polyphemus
 32074 | Shoals:3 | Found a gateway to a bazaar.
 32078 | Shoals:3 | Found the necklace of Bloodlust {Fury *Rage Will++ Int-3
                  | Slay+6}
 32081 | Bazaar   | Entered a bazaar
 32123 | Bazaar   | Found Gerghos's Distillery.
 32128 | Bazaar   | Bought a potion of curing for 30 gold pieces
 32128 | Bazaar   | Bought a potion of heal wounds for 50 gold pieces
 32128 | Bazaar   | Bought a potion of curing for 30 gold pieces
 32128 | Bazaar   | Bought a potion of curing for 30 gold pieces
 32139 | Bazaar   | Found Juivorui's Antique Armour Emporium.
 32139 | Bazaar   | Found Keetumi's Assorted Antiques.
 32144 | Bazaar   | Bought a scroll of summoning for 152 gold pieces
 32161 | Bazaar   | Found Xouffoimp's Weapon Emporium.
 32161 | Bazaar   | Found Onodyda's Jewellery Shoppe.
 32195 | Bazaar   | Bought a storm talisman for 1360 gold pieces
 32290 | Shoals:3 | Found a runed translucent door.
 32303 | Shoals:3 | Identified the +1 whip "Xukhy" {freeze, rC++ Dex+3}
 32332 | Shoals:3 | Noticed gwaga3's ghost (adept GnHu)
 32365 | Shoals:3 | Killed gwaga3's ghost
 32498 | Shoals:3 | Found a shadowy altar of Dithmenos.
 32913 | Shoals:3 | Reached skill level 18 in Shapeshifting
 32975 | Shoals:4 | Entered Level 4 of the Shoals
 33404 | Shoals:4 | Reached skill level 19 in Shapeshifting
 33422 | Shoals:4 | Identified the amulet "Fimmehio" {Reflect rCorr SH+5}
 33681 | Shoals:4 | Got a barnacled rune of Zot
 34208 | Snake:3  | Bought the ring of Res Nullius {rC+ rN++ Dex-4} for 716
                  | gold pieces
 34483 | Elf:1    | Entered Level 1 of the Elven Halls
 34490 | Elf:1    | Reached XP level 20. HP: 162/162 MP: 20/20
 34531 | Elf:1    | Reached skill level 20 in Shapeshifting
 35007 | Elf:1    | Noticed magiryoung's ghost (journeyman DsHu)
 35008 | Elf:1    | Found a large runed translucent door.
 35009 | Elf:1    | Found a large runed translucent door.
 35066 | Elf:1    | Found Weracoph's Book Shop.
 35221 | Elf:1    | Found Bixzon's Magic Scroll Shoppe.
 35226 | Elf:1    | Bought a scroll of fear for 64 gold pieces
 35226 | Elf:1    | Bought a scroll of teleportation for 48 gold pieces
 35226 | Elf:1    | Bought a scroll of teleportation for 48 gold pieces
 35226 | Elf:1    | Bought 2 scrolls of poison for 128 gold pieces
 35294 | Elf:2    | Reached skill level 21 in Shapeshifting
 35493 | Elf:2    | Found a runed translucent gate.
 35493 | Elf:2    | Found a runed translucent gate.
 35493 | Elf:2    | Found a runed translucent gate.
 35584 | Elf:2    | Identified the +1 chain mail of the Old World {rPois rF-
                  | rN+}
 35849 | Elf:3    | Entered Level 3 of the Elven Halls
 35875 | Elf:3    | Noticed Bai Suzhen
 35908 | Elf:3    | Killed Bai Suzhen
 35909 | Elf:3    | Reached skill level 22 in Shapeshifting
 35992 | Elf:3    | Noticed Zenata
 36012 | Elf:3    | Killed Zenata
 36140 | Elf:3    | Gained mutation: You are vulnerable to heat. (rF-) [a
                  | shining eye]
 36141 | Elf:3    | Gained mutation: Armour fits poorly on your strangely
                  | shaped body. [a shining eye]
 36142 | Elf:3    | Gained mutation: Your body sometimes deteriorates upon
                  | taking damage. [a shining eye]
 36155 | Elf:3    | Lost mutation: Armour fits poorly on your strangely shaped
                  | body. [potion of mutation]
 36155 | Elf:3    | Lost mutation: Your body sometimes deteriorates upon taking
                  | damage. [potion of mutation]
 36155 | Elf:3    | Lost mutation: You are vulnerable to heat. (rF-) [potion of
                  | mutation]
 36155 | Elf:3    | Gained mutation: Your mind is acute. (Int +4, Str/Dex -1)
                  | [potion of mutation]
 36155 | Elf:3    | Gained mutation: Your natural rate of healing is unusually
                  | fast. [potion of mutation]
 36155 | Elf:3    | Gained mutation: You occasionally lose the ability to drink
                  | potions when taking damage. [potion of mutation]
 36155 | Elf:3    | Gained mutation: Your flesh is heat resistant. (rF+)
                  | [potion of mutation]
 36296 | Elf:3    | Identified the +6 short sword of the Loving Badger {drain,
                  | rElec rC++}
 36329 | Elf:3    | Reached skill level 23 in Shapeshifting
 36333 | Elf:3    | Reached skill level 1 in Unarmed Combat
 36375 | Elf:3    | Identified the staff of the Original Sin {Conj Necro}
 36375 | Abyss:3  | Found an opulent altar of Gozag.
 36375 | Abyss:3  | Cast into level 3 of the Abyss (a deep elf sorcerer)
 36381 | Abyss:3  | Found a corrupted altar of Lugonu.
 36396 | Abyss:3  | Found a corrupted altar of Lugonu.
 36561 | Abyss:3  | Reached skill level 5 in Unarmed Combat
 36605 | Elf:3    | Escaped the Abyss
 36635 | Elf:3    | Reached XP level 21. HP: 168/168 MP: 21/21
 36844 | Elf:3    | Got Jierugats's Anthology of the Blizzard and Malediction
 36876 | Elf:3    | Got the Catalogue of the Vector and the Union
 37142 | Elf:3    | Acquired 1010 gold pieces
 37487 | Vaults:1 | Entered Level 1 of the Vaults
 39119 | Vaults:1 | Bought the amulet of Vitality {RegenMP++ Regen++} for 1400
                  | gold pieces
 39119 | Vaults:1 | Found the amulet of Vitality {RegenMP++ Regen++}
 39448 | Vaults:2 | Reached skill level 10 in Unarmed Combat
 39452 | Vaults:2 | Reached XP level 22. HP: 165/185 MP: 22/22
 39727 | Vaults:2 | Identified the +1 broad axe of Hepliaklqana {antimagic, rF+
                  | rC+ Str+2}
 39928 | Vaults:2 | Found a staircase to the Crypt.
 40443 | Vaults:3 | Found Akexekac's Book Shop.
 41900 | Vaults:4 | Found a runed translucent gate.
 41901 | Vaults:4 | Found a runed translucent gate.
 41902 | Vaults:4 | Found a runed translucent gate.
 41904 | Vaults:4 | Identified the +9 plate armour of the Thirsty Mouths {+Inv
                  | Str+6 Stlth-}
 41904 | Vaults:4 | Identified the +6 tower shield of the Evil One {rF- Str+4
                  | SInv}
 41904 | Vaults:4 | Noticed Innyits's ghost (adept DjAE)
 41943 | Vaults:4 | Killed Innyits's ghost
 42031 | Vaults:4 | Reached skill level 24 in Shapeshifting
 42038 | Vaults:4 | Identified the +1 cloak of Insatiable Hunger {Int+3}
 42405 | Vaults:5 | Entered Level 5 of the Vaults
 42476 | Vaults:5 | Noticed an ancient lich
 42494 | Vaults:5 | Noticed a golden dragon
 42502 | Vaults:5 | Killed an ancient lich
 42505 | Vaults:5 | Reached XP level 23. HP: 146/192 MP: 23/23
 42518 | Vaults:5 | Reached skill level 15 in Unarmed Combat
 42522 | Vaults:5 | Killed a golden dragon
 42562 | Vaults:5 | Reached skill level 25 in Shapeshifting
 42569 | Vaults:5 | Noticed a golden dragon
 42631 | Vaults:5 | Killed a golden dragon
 42666 | Vaults:5 | Reached skill level 26 in Shapeshifting
 42872 | Vaults:5 | Got a silver rune of Zot
 42873 | Vaults:5 | Identified the +8 dire flail "Quguebb" {protect, rN+}
 43176 | Vaults:5 | Identified the +2 ring mail of Abidim {Fly rN+}
 43421 | Vaults:5 | Identified the staff of Teuphoic {rElec rN+ Int+5 Dex-2
                  | Necro}
 43422 | Vaults:5 | Identified the +5 ring mail of Spaghetti {+Blink Stlth+}
 43754 | D:15     | Entered Level 15 of the Dungeon
 43801 | D:15     | Found a shimmering blue altar of Sif Muna.
 44442 | D:15     | Found a staircase to the Depths.
 44450 | D:15     | Reached skill level 27 in Shapeshifting
 44492 | Depths:1 | Entered Level 1 of the Depths
 44492 | Depths:1 | Found a gateway to Hell.
 44510 | Depths:1 | Found a one-way gateway to a ziggurat.
 44520 | Zig:1    | Entered Level 1 of a ziggurat
 44536 | Zig:2    | Entered Level 2 of a ziggurat
 44548 | Zig:3    | Entered Level 3 of a ziggurat
 44567 | Zig:4    | Entered Level 4 of a ziggurat
 44567 | Zig:4    | Found the +6 arbalest "Damnation" {damnation}
 44595 | Zig:5    | Entered Level 5 of a ziggurat
 44604 | Zig:5    | Identified the amulet "Rod Peto" {Spirit Will++ Int+3}
 44633 | Zig:6    | Entered Level 6 of a ziggurat
 44638 | Zig:6    | Noticed a shard shrike
 44641 | Zig:6    | Killed a shard shrike
 44664 | Zig:6    | Got the Directory of Nauseating Clay
 44672 | Zig:6    | Identified the +4 halberd of the Pyrrhic Victory {vamp,
                  | rN+}
 44675 | Zig:6    | Identified the +0 leather armour of the Loofah {+Inv rPois
                  | rN+ Str-4}
 44682 | Zig:6    | Identified the amulet "Pumuycic" {Faith rC+ rN+ Will++
                  | Dex-3}
 44701 | Zig:7    | Entered Level 7 of a ziggurat
 44705 | Zig:7    | Found the +3 pair of mountain boots {steadfast, rC+}
 44718 | Zig:7    | Reached XP level 24. HP: 175/200 MP: 23/23
 44737 | Zig:7    | Got the Collected Works on Glaciation
 44744 | Zig:7    | Acquired 1011 gold pieces
 44751 | Zig:7    | Acquired 1063 gold pieces
 44752 | Zig:7    | Acquired 331 gold pieces
 44771 | Zig:8    | Entered Level 8 of a ziggurat
 44794 | Zig:8    | Identified the +0 pair of gloves of Opnoosh {Str+3}
 44809 | Zig:8    | Identified the +5 battleaxe of Nyhucs {flame, rF+ rN+
                  | Dex-3}
 44815 | Zig:8    | Identified the +8 halberd of Trial by Ordeal {chaos, Str+3
                  | Int+3}
 45235 | Depths:3 | Noticed Mara
 45240 | Depths:3 | Killed Mara
 45800 | Depths:4 | Entered Level 4 of the Depths
 46012 | Depths:4 | Found a gate to the Realm of Zot.
 46021 | Zot:1    | Entered Level 1 of the Realm of Zot
 46021 | Zot:1    | Noticed an orb of fire
 46028 | Zot:1    | Gained mutation: You are resistant to electric shocks.
                  | (rElec) [an orb of fire]
 46032 | Zot:1    | Gained mutation: You sometimes lose your temper in combat.
                  | [an orb of fire]
 46034 | Zot:1    | Killed an orb of fire
 46282 | Zot:2    | Noticed a curse toe
 46294 | Zot:2    | Killed a curse toe
 46392 | Zot:3    | Noticed a Killer Klown
 46392 | Zot:3    | Noticed an ancient lich
 46397 | Zot:3    | Noticed a Killer Klown
 46397 | Zot:3    | Noticed a Killer Klown
 46405 | Zot:3    | Killed an ancient lich
 46406 | Zot:3    | Reached XP level 25. HP: 150/212 MP: 23/23
 46409 | Zot:3    | Killed a Killer Klown
 46413 | Zot:3    | Killed a Killer Klown
 46418 | Zot:3    | Killed a Killer Klown
 46995 | Zot:5    | Entered Level 5 of the Realm of Zot
 47101 | Zot:5    | Found the +4 dragonskin cloak
 47101 | Zot:5    | Noticed Tiamat
 47239 | Zot:5    | Killed an ancient lich
 47279 | Zot:5    | Noticed a dread lich
 47281 | Zot:5    | Noticed an orb of fire
 47295 | Zot:5    | Killed an orb of fire
 47328 | Zot:5    | Noticed a dread lich
 47334 | Zot:5    | Noticed a Killer Klown
 47337 | Zot:5    | Noticed a dread lich
 47342 | Zot:5    | Noticed an orb of fire
 47343 | Zot:5    | Killed a dread lich
 47350 | Zot:5    | Killed a dread lich
 47615 | Zot:5    | Noticed an orb of fire
 47615 | Zot:5    | Gained mutation: Your body sometimes deteriorates upon
                  | taking damage. [an orb of fire]
 47615 | Zot:5    | Noticed an orb of fire
 47615 | Zot:5    | Noticed an orb of fire
 47617 | Zot:5    | Got the Orb of Zot
 47671 | Zot:3    | Noticed Benongos the pandemonium lord
 47689 | Zot:3    | Killed Benongos the pandemonium lord
 48219 | D:$      | Escaped with the Orb!

Illustrated notes

Levels and vault maps discovered:
D:1:      enne_arrival_octagon_isle, layout_basic
D:2:      layout_rooms, hellmonk_ecumenical_altar_inner_sanctum, uniq_natasha
D:3:      layout_basic, lemuel_round_altar, gammafunk_temple_overflow_pools,
          serial_rivers, chequers_serial_rivers_micro_c,
          chequers_serial_rivers_micro_a, chequers_serial_rivers_room_a,
          chequers_serial_rivers_micro_e, chequers_serial_rivers_micro_a,
          chequers_serial_rivers_room_a, minmay_misc_feat_ornament,
          minmay_misc_feat_more_columns
D:4:      layout_rooms, nzn_wu_jian_contemplation,
          chequers_hall_statues_corner_a, uniq_blork_the_orc, uniq_menkaure
D:5:      layout_cave_pods, makhleb_grotto_becter, lemuel_round_altar,
          minmay_temple_entry_arrows
D:6:      layout_gridville
D:7:      layout_basic, serial_bayou_pond_e
D:8:      hangedman_cross_stitches, layout_basic, due_lair_maze_entry_diamond,
          uniq_erica
D:9:      minmay_four_partial_circles, layout_basic, nzn_hepliaklqana_mist_gate,
          lemuel_crystal_altar
D:10:     layout_roguey [special_room_orc],
          hellmonk_okawaru_the_only_friend_you_need, lemuel_round_altar,
          lightli_bailey_entry_fortress, hex_large, uniq_grum, uniq_josephine
D:11:     layout_gridville, st_stairs_13, nicolae_guarded_unrand_slippers
D:12:     layout_loops_ring
D:13:     layout_roguey [special_room_bee], chequers_serial_rivers_large_a
D:14:     layout_gridville, grunt_vaults_entry_tiered,
          nicolae_uskayaw_en_pointe, uniq_azrael, uniq_jorgrun, uniq_frances
D:15:     grunt_enter_depths_hoard, layout_basic, nicolae_sif_muna_condensation
Temple:   nicolae_temple_no_exploring_needed
Lair:1:   layout_chaotic_city, nzn_sisyphean_effort, lemuel_fruit_fields,
          grunt_megastairs_5, infiniplex_staircase_pool
Lair:2:   layout_gridlike, elwin_shoals_entry_rocks, nicolae_snake_entry_squirm
Lair:3:   layout_gridlike, gauntlet_entry_generic, minivault_25, uniq_nessos
Lair:4:   layout_cave_pods, grunt_forest_small_clearing_treed,
          infiniplex_staircase_pool_2
Lair:5:   hangedman_lair_in_review, layout_long_grid, guppyfry_lair_end_dragon,
          slime_entry_1, chequers_serial_rivers_micro_b,
          kennysheep_abandoned_house
Shoals:1: layout_shoals, regret_index_shoals_crete
Shoals:2: layout_shoals, uniq_polyphemus
Shoals:3: layout_shoals, ebering_ghost_reflecting_pool,
          portal_ice_cave_entry_frozen_things, serial_shops, freezing_bzr,
          nicolae_shoals_lost_giant_amphitheater, wheals_shoals_ruined_temple
Shoals:4: shoals_end_hellmonk_lost_city
Snake:1:  kennysheep_six_static_rooms, layout_misc_corridors, evilmike_ambush
          [evilmike_ambush_outer_basic, evilmike_ambush_inner_basic],
          uniq_mlioglotl, uniq_aizul
Snake:2:  minmay_snake_river, layout_chambers, grunt_ministairs_13
Snake:3:  layout_gridlike, guppyfry_library_mini, lemuel_fruit_tree,
          minmay_shop_grove
Snake:4:  grunt_snake_rune_serpentine_throne, layout_rooms,
          nicolae_snake_flat_spine, minmay_shop_mass, uniq_vashnia, uniq_agnes
Orc:1:    layout_caves, serial_shops, nicolae_lakefront_shop, nooodl_orcs_dogs,
          uniq_snorg
Orc:2:    grunt_orc_community_town_hall, layout_caves,
          grunt_orc_community_big_house_1, grunt_orc_community_big_house_2,
          grunt_orc_community_house_1, grunt_orc_community_house_1,
          grunt_orc_community_house_1, grunt_orc_community_house_3,
          grunt_orc_community_house_2, nicolae_orc_stony_grotto,
          uniq_saint_roka, uniq_urug, uniq_maurice
Elf:1:    nicolae_elf_arrival_fired_up, layout_rooms,
          ebering_ghost_disaster_area, serial_shops, shop,
          nicolae_shop_tiny_real_fake_doors, nicolae_elf_blasts_and_bolts,
          grunt_ministairs_7
Elf:2:    elven_hall_of_blades_hangedman_original [mumra_blade_entry_bloodbath],
          layout_rooms
Elf:3:    grunt_elf_hall_diamonds, layout_loops_cross, guppyfry_elf_castle,
          uniq_zenata, uniq_bai_suzhen
Vaults:1: nicolae_vaults_yaktaur_gun_rack, v_misc_9,
          nicolae_vaults_puzzle_piece, serial_ice_h, dpeg_vaults_monster_box,
          v_pattern_3, vaults_dpeg_doors, v_misc_16, v_rooms_5,
          layout_vaults_maze_snakey
Vaults:2: nicolae_vaults_disappearing_quadrants, nicolae_vaults_meiosis,
          grunt_vaults_hallway_long, v_misc_2, nicolae_vaults_little_squares_4,
          ontoclasm_vaults_spin, nicolae_vaults_storage_closets_3,
          nicolae_vaults_little_squares_4, layout_vaults_big_cross
Vaults:3: v_misc_10, nicolae_vaults_closet_pinwheel_2, st_quartered_hall,
          serial_library_hellmonk_open_cross, nicolae_vaults_trapezoid_layered,
          vaults_dpeg_ring, grunt_vaults_hallway_short,
          layout_vaults_chaotic_city, serial_shops, nicolae_shop_window_shopping
Vaults:4: biasface_ghost_orc_armoury, v_misc_3, nicolae_vaults_sesquioval_fish,
          grunt_vaults_funnel, v_misc_17, vaults_room_hallway, v_rooms_1,
          nicolae_vaults_variable_pillar_hall, nicolae_vaults_specimen_jars,
          layout_vaults_omnigrid
Vaults:5
Depths:1: hellmonk_ruined_rings, layout_long_grid, enter_ziggurat_c, hell_entry,
          grunt_decor_cap, serial_shops, nicolae_shop_trees,
          grunt_tower_of_power
Depths:2: lightli_eight_chambers, layout_basic, hangedman_abyss_entry_splay,
          pan_entry, nicolae_kite_square_tiling_tiny, grunt_mini_vestibule,
          due_unseen_surprise, infiniplex_staircase_spiral
Depths:3: kennysheep_demon_jail, layout_honeycomb, hell_entry, minivault_11,
          abyss_entry, uniq_mara
Depths:4: evilmike_zot_entry_basic, layout_cave_pools, minmay_crystal_water,
          hell_entry, hex_medium
Zot:1:    hellmonk_paralyzer, layout_misc_corridors, st_small_dragon_hoard_3
Zot:2:    layout_gridlike, regret_index_zotdec_storm_pass
Zot:3:    ebering_klown_carousel, layout_concentric_octagons,
          hangedman_zot_decor_scrapings, hangedman_zot_diagonal_lockstep
Zot:4:    layout_misc_corridors, hangedman_zot_decor_unnerving_road
Zot:5:    layout_misc_corridors, uniq_tiamat

Skill      XL: |  1  2  3  4  5  6  7  8  9 10 11 12 13 14 15 16 17 18 19 20 21 22 23 24 25 |
---------------+----------------------------------------------------------------------------+-----
Polearms       | 3 4 5 6 8 9 12 14 17 19 22 | 22.2
Fighting       | 4 5 6 7 9 10 12 14 15 18 20 21 | 21.7
Dodging        | 10 12 13 17 22 25 | 25.9
Shields        | 6 7 12 | 12.0
Shapeshifting  | 9 16 19 23 24 27 | 27.0
Unarmed Combat | 6 10 14 15 19 22 | 22.1
Armour         | |  2.1

Action                     |  1- 3 |  4- 6 |  7- 9 | 10-12 | 13-15 | 16-18 | 19-21 | 22-24 | 25-27 || total
---------------------------+-------+-------+-------+-------+-------+-------+-------+-------+-------++-------
  Melee: Trident           |   102 |   181 |    83 |    10 |  1316 |  1547 |  1606 |       |       ||  4845
         Tailslap          |       |     1 |       |       |       |       |       |       |       ||     1
         Glaive            |       |       |   212 |   295 |       |       |       |       |       ||   507
         Unarmed           |       |       |       |       |       |       |    39 |   910 |   254 ||  1203
         Punch             |       |       |       |       |       |       |       |   103 |    39 ||   142
 Invoke: Call Merchant     |       |       |       |     1 |     2 |     3 |     2 |       |       ||     8
         Potion Petition   |       |       |       |       |     3 |     7 |     1 |     4 |     1 ||    16
         Bribe Branch      |       |       |       |       |       |       |       |       |     2 ||     2
Ability: Blinkbolt         |       |       |       |       |       |       |     4 |    63 |    11 ||    78
  Evoke: Wand              |       |       |     1 |       |    16 |    10 |     3 |     2 |     4 ||    36
         Phial of floods   |       |       |       |       |       |     1 |       |       |       ||     1
    Use: Scroll            |     1 |     9 |     8 |    14 |    16 |    19 |    18 |    17 |     5 ||   107
         Potion            |       |     2 |     3 |     8 |     6 |    16 |     9 |     7 |     2 ||    53
   Stab: Distracted        |       |       |     2 |     1 |    33 |    36 |    33 |     5 |     3 ||   113
         Invisible         |       |       |       |       |     4 |       |     5 |     8 |       ||    17
         Paralysed         |       |       |       |       |     3 |       |       |     1 |     2 ||     6
         Confused          |       |       |       |       |       |     1 |       |     1 |       ||     2
         Sleeping          |       |       |       |       |       |     2 |     1 |       |       ||     3
 Armour: Scale mail        |    57 |    99 |   183 |   178 |    25 |       |       |       |       ||   542
         Skin              |       |       |    15 |    31 |    61 |   712 |   905 |   282 |    66 ||  2072
         Chain mail        |       |       |       |       |   366 |       |       |       |       ||   366
  Dodge: Dodged            |    38 |    52 |    83 |    80 |   308 |   990 |  1290 |  1233 |   318 ||  4392
  Block: Buckler           |    16 |    30 |    14 |       |   160 |     6 |       |       |       ||   226
         Kite shield       |       |       |       |       |       |  1197 |  1273 |       |       ||  2470
         Reflection        |       |       |       |       |       |   127 |   142 |       |       ||   269
         Tower shield      |       |       |       |       |       |    24 |       |       |       ||    24
   Form: Statue            |       |       |       |       |     1 |       |       |       |       ||     1
         Storm             |       |       |       |       |       |       |     1 |       |       ||     1

Table legend: (Time is in decaauts)
 A = Elapsed time spent in this place.
 B = Non-inter-level travel time spent in this place.
 C = Inter-level travel time spent in this place.
 D = Time resting spent in this place.
 E = Time spent auto-exploring this place.
 F = Levels seen in this place.
 G = Mean time per level.
                   A        B        C        D        E       F      G
               +--------+--------+--------+--------+--------+-----+--------+
         Total |  53542 |  47773 |   5769 |   3325 |  32091 |  60 |  892.4 |
       Dungeon |  17568 |  15793 |   1775 |   1831 |  10929 |  15 | 1171.2 |
        Temple |     11 |      3 |      8 |      0 |      0 |   1 |   11.0 |
          Lair |   7452 |   6480 |    972 |    145 |   5259 |   5 | 1490.4 |
        Shoals |   4144 |   3738 |    406 |    139 |   2394 |   4 | 1036.0 |
     Snake Pit |   6398 |   5709 |    689 |    231 |   3429 |   4 | 1599.5 |
  Orcish Mines |   2903 |   2463 |    440 |    185 |   1688 |   2 | 1451.5 |
   Elven Halls |   3802 |   3214 |    588 |    192 |   1842 |   3 | 1267.3 |
        Vaults |   6776 |   6358 |    418 |    361 |   4523 |   5 | 1355.2 |
        Depths |   1345 |   1128 |    217 |     60 |    801 |   4 |  336.2 |
           Zot |   1568 |   1316 |    252 |    141 |    614 |   5 |  313.6 |
         Abyss |    283 |    283 |      0 |      0 |      0 |   1 |  283.0 |
      Ziggurat |    301 |    301 |      0 |      0 |    114 |   8 |   37.6 |
        Bazaar |    196 |    196 |      0 |      0 |    148 |   1 |  196.0 |
        Bailey |    396 |    396 |      0 |      0 |    193 |   1 |  396.0 |
      Gauntlet |    392 |    392 |      0 |     38 |    152 |   1 |  392.0 |
               +--------+--------+--------+--------+--------+-----+--------+

Top non-repeatable levels by time:
  Lair:5: 2606 daAuts
Vaults:1: 2240 daAuts
 Snake:4: 2050 daAuts
   Orc:2: 2047 daAuts
     D:8: 1874 daAuts
    D:14: 1837 daAuts
  Lair:2: 1653 daAuts
   Elf:3: 1635 daAuts
     D:9: 1592 daAuts
 Snake:3: 1557 daAuts
     D:7: 1553 daAuts
 Snake:2: 1417 daAuts
 Snake:1: 1373 daAuts
    D:13: 1365 daAuts
     D:5: 1241 daAuts
